 Dungeon Crawl Stone Soup version 0.28.0-43-g3370ac3207 (webtiles) character file.

Game seed: 10067393293014549693

651451 pkoi the Gelid (level 25, -13/221 HPs)
             Began as a Demigod Conjurer on Apr 1, 2022.
             Mangled by Mennas
             ... wielding a +2 eudemon blade of holy wrath
              (20 damage)
             ... on level 2 of the Crypt.
             The game lasted 05:32:32 (113306 turns).

pkoi the Gelid (Demigod Conjurer)                 Turns: 113306, Time: 05:32:33

Health: -13/221    AC:  4    Str: 12    XL:     25   Next: 98%
Magic:  25/59      EV: 23    Int: 52    God:
Gold:   4959       SH:  0    Dex: 18    Spells: 8/57 levels left

rFire   + + .      SeeInvis +   o - +6 rapier "Kereynan" {vorpal, rElec Will++ Int+4 SInv}
rCold   + + +      Faith    .   (no shield)
rNeg    + . .      Spirit   .   C - +2 robe {Archmagi}
rPois   +          Reflect  .   r - -2 hat of the Alchemist {rElec rPois rF+ rC+ rN+ Will+ rMut rCorr}
rElec   +          Harm     .   Z - scarf {repulsion}
rCorr   +          Rampage  .   t - +0 pair of gloves of Pathos {rF+ Dex+4 SInv}
rMut    +          Archmagi +   T - +0 pair of boots of Woneaz {Dex+2}
Will    ++++.                   q - amulet of Heremuh {RegenMP rElec rC++ Will- SInv}
Stlth   ++........              w - ring of wizardry
HPRegen 0.46/turn               F - ring of magical power
MPRegen 0.76/turn

@: glowing, studying Transmutations, silenced, repel missiles
A: high MP 1, forlorn, divine attributes
}: 4/15 runes: barnacled, slimy, silver, gossamer
a: no special abilities


You were on level 2 of the Crypt.
You visited 12 branches of the dungeon, and saw 53 of its levels.
You also visited: Trove and Wizlab.

You collected 10251 gold pieces.
You spent 5292 gold pieces at shops.

Inventory:

Hand Weapons
 a - the +9 morningstar of Destiny {vorpal, MP+9}
   (You found it on level 14 of the Dungeon)

   It inflicts extra damage upon your enemies.
   MP:        It affects your magic capacity (+9).
 b - the +8 longbow "Zephyr" {speed, Dex+3 SInv}
   (You found it on level 4 of the Shoals)

   Attacks with this weapon are significantly faster.
   Dex:       It affects your dexterity (+3).
   SInv:      It lets you see invisible.
 o - the +6 rapier "Kereynan" (weapon) {vorpal, rElec Will++ Int+4 SInv}
   (You found it on level 3 of the Elven Halls)

   It inflicts extra damage upon your enemies.
   Int:       It affects your intelligence (+4).
   rElec:     It insulates you from electricity.
   SInv:      It lets you see invisible.
   Will:      It greatly increases your willpower.
Missiles
 f - 1721 arrows
 J - 6 throwing nets
Armour
 r - the -2 hat of the Alchemist (worn) {rElec rPois rF+ rC+ rN+ Will+ rMut rCorr}
   (You found it in a wizard's laboratory)

   rF:        It protects you from fire.
   rC:        It protects you from cold.
   rElec:     It insulates you from electricity.
   rPois:     It protects you from poison.
   rN:        It protects you from negative energy.
   rCorr:     It protects you from acid and corrosion.
   rMut:      It protects you from mutation.
   Will:      It increases your willpower.
 t - the +0 pair of gloves of Pathos (worn) {rF+ Dex+4 SInv}
   (You bought it in a shop on level 14 of the Dungeon)

   Dex:       It affects your dexterity (+4).
   rF:        It protects you from fire.
   SInv:      It lets you see invisible.
 C - a +2 robe of the Archmagi (worn)
 T - the +0 pair of boots of Woneaz (worn) {Dex+2}
   (You found it on level 2 of the Shoals)

   Dex:       It affects your dexterity (+2).
 Z - a scarf of repulsion (worn)
Jewellery
 h - a ring of protection from cold
 q - the amulet of Heremuh (around neck) {RegenMP rElec rC++ Will- SInv}
   (You bought it in a shop on level 1 of the Depths)

   [amulet of magic regeneration]

   It increases your rate of magic regeneration.
   rC:        It greatly protects you from cold.
   rElec:     It insulates you from electricity.
   SInv:      It lets you see invisible.
   Will:      It decreases your willpower.
 v - a ring of positive energy
 w - a ring of wizardry (left hand)
 B - an amulet of regeneration
 F - a ring of magical power (right hand)
Wands
 i - a wand of flame (19)
 m - a wand of digging (7)
 n - a wand of polymorph (10)
 y - a wand of iceblast (4)
 H - a wand of charming (7)
Scrolls
 c - 7 scrolls of blinking
 d - 6 scrolls of fear
 j - 8 scrolls of fog
 k - 6 scrolls of summoning
 s - 11 scrolls of amnesia
 A - 2 scrolls of enchant armour
 E - 18 scrolls of teleportation
 G - a scroll of brand weapon
 K - a scroll of silence
 N - 9 scrolls of magic mapping
 P - 6 scrolls of holy word
Potions
 e - 16 potions of curing
 g - 14 potions of flight
 l - 5 potions of haste
 p - 2 potions of cancellation
 u - 18 potions of brilliance
 x - 3 potions of berserk rage
 z - 5 potions of heal wounds
 D - 2 potions of magic
 I - 13 potions of might
 O - 2 potions of resistance
 X - 6 potions of invisibility
Miscellaneous
 Y - a condenser vane (inert)


   Skills:
 + Level 17.0 Fighting
 + Level 13.9 Bows
 + Level 17.1 Dodging
 - Level 6.0 Stealth
 + Level 16.8 Spellcasting
 - Level 14.2 Conjurations
 - Level 9.0 Hexes
 - Level 8.0 Translocations
 - Level 4.0 Transmutations
 - Level 17.1 Fire Magic
 + Level 17.4 Ice Magic
 - Level 4.0 Air Magic
 - Level 8.0 Poison Magic
 - Level 6.0 Evocations


You had 8 spell levels left.
You knew the following spells:

 Your Spells              Type           Power      Damage    Failure   Level
a - Magic Dart            Conj           100%       1d8       0%          1
b - Ozocubu's Refrigerat  Ice            73%        4d19      1%          7
c - Iskenderun's Mystic   Conj/Tloc      100%       2d19      1%          4
d - Blink                 Tloc           100%       N/A       0%          2
e - Fulminant Prism       Conj/Hex       64%        3d27      1%          4
f - Olgreb's Toxic Radia  Pois           100%       N/A       1%          4
g - Ignite Poison         Fire/Tmut/Pois 100%       N/A       0%          3
h - Ignition              Fire           73%        3d19      1%          8
i - Poisonous Vapours     Pois/Air       100%       N/A       1%          2
j - Starburst             Conj/Fire      71%        6d18      1%          6
k - Apportation           Tloc           100%       N/A       0%          1
l - Orb of Destruction    Conj           68%        9d16      1%          7

Your spell library contained the following spells:

 Spells                   Type           Power      Damage    Failure   Level
 Foxfire                  Conj/Fire      100%       2x1d9     0%          1
 Freeze                   Ice            100%       1d11      0%          1
 Shock                    Conj/Air       100%       1d9       0%          1
 Slow                     Hex            100%       N/A       0%          1
 Searing Ray              Conj           100%       2d8       0%          2
 Conjure Flame            Conj/Fire      100%       6-21      0%          3
 Dazzling Flash           Conj/Hex       100%       N/A       0%          3
 Frozen Ramparts          Ice            100%       1d12      0%          3
 Inner Flame              Hex/Fire       100%       N/A       0%          3
 Ozocubu's Armour         Ice            100%       N/A       0%          3
 Flame Wave               Conj/Fire      100%       2d17      0%          4
 Hailstorm                Conj/Ice       100%       3d20      0%          4
 Sticky Flame             Conj/Fire      100%       2d11      0%          4
 Fireball                 Conj/Fire      71%        3d27      0%          5
 Animate Skeleton         Necr           100%       N/A       1%          1
 Beastly Appendage        Tmut           100%       N/A       1%          1
 Pain                     Necr           100%       1d9       1%          1
 Sting                    Tmut/Pois      100%       1d8       1%          1
 Summon Small Mammal      Summ           100%       N/A       1%          1
 Call Imp                 Summ           60%        N/A       1%          2
 Corpse Rot               Necr/Air       100%       N/A       1%          2
 Passwall                 Tmut/Erth      64%        N/A       1%          2
 Sublimation of Blood     Necr           60%        N/A       1%          2
 Wereblood                Tmut           91%        N/A       1%          2
 Call Canine Familiar     Summ           60%        N/A       1%          3
 Confusing Touch          Hex            100%       N/A       1%          3
 Gell's Gravitas          Tloc           100%       N/A       1%          3
 Lesser Beckoning         Tloc           100%       N/A       1%          3
 Mephitic Cloud           Conj/Pois/Air  100%       N/A       1%          3
 Portal Projectile        Hex/Tloc       100%       N/A       1%          3
 Spider Form              Tmut/Pois      100%       N/A       1%          3
 Summon Guardian Golem    Hex/Summ       94%        N/A       1%          3
 Swiftness                Air            91%        N/A       1%          3
 Teleport Other           Tloc           100%       N/A       1%          3
 Tukima's Dance           Hex            100%       N/A       1%          3
 Vampiric Draining        Necr           60%        2d10      1%          3
 Airstrike                Air            45%        N/A       1%          4
 Anguish                  Hex/Necr       47%        N/A       1%          4
 Animate Armour           Summ/Erth      100%       N/A       1%          4
 Animate Dead             Necr           30%        N/A       1%          4
 Cause Fear               Hex            58%        N/A       1%          4
 Dispel Undead            Necr           60%        3d21      1%          4
 Ice Form                 Ice/Tmut       100%       N/A       1%          4
 Leda's Liquefaction      Hex/Erth       47%        N/A       1%          4
 Passage of Golubria      Tloc           100%       N/A       1%          4
 Alistair's Intoxication  Tmut/Pois      68%        N/A       1%          5
 Blade Hands              Tmut           45%        N/A       1%          5
 Freezing Cloud           Conj/Ice/Air   64%        6-21      1%          5
 Lightning Bolt           Conj/Air       59%        1d81      1%          5
 Manifold Assault         Tloc           100%       N/A       1%          5
 Metabolic Englaciation   Hex/Ice        67%        N/A       1%          5
 Silence                  Hex/Air        52%        N/A       1%          5
 Summon Forest            Summ/Tloc      45%        N/A       1%          5
 Yara's Violent Unravell  Hex/Tmut       52%        3d20      1%          5
 Dispersal                Tloc           56%        N/A       1%          6
 Eringya's Noxious Bog    Tmut/Pois      51%        N/A       1%          6
 Iron Shot                Conj/Erth      54%        9d10      1%          6
 Simulacrum               Ice/Necr       58%        N/A       1%          6
 Enfeeble                 Hex            58%        N/A       3%          7
 Agony                    Necr           60%        N/A       4%          5
 Borgnjor's Vile Clutch   Necr/Erth      30%        N/A       4%          5
 Excruciating Wounds      Necr           30%        N/A       4%          5
 Death Channel            Necr           30%        N/A       24%         6
 Dragon Form              Tmut           45%        N/A       26%         7
 Malign Gateway           Summ/Tloc      45%        N/A       26%         7
 Discord                  Hex            58%        N/A       26%         8
 Lehudib's Crystal Spear  Conj/Erth      54%        10d13     45%         8
 Haunt                    Necr/Summ      30%        N/A       75%         7
 Summon Hydra             Summ           30%        N/A       75%         7
 Infestation              Necr           30%        N/A       100%        8
 Summon Horrible Things   Summ           30%        N/A       100%        8
 Polar Vortex             Ice            73%        N/A       12%         9
 Fire Storm               Conj/Fire      71%        8d18      26%         9
 Chain Lightning          Conj/Air       59%        3d78      97%         9
 Dragon's Call            Summ           30%        N/A       100%        9


Dungeon Overview and Level Annotations

Branches:
Dungeon (15/15)            Temple (1/1) D:4            Lair (6/6) D:8
 Shoals (4/4) Lair:2       Spider (4/4) Lair:4        Slime (5/5) Lair:6
    Orc (2/2) D:12            Elf (3/3) Orc:2        Vaults (5/5) D:13
  Crypt (3/3) Vaults:2       Tomb (0/3) Crypt:3      Depths (4/4) D:15
    Zot (1/5) Depths:4     WizLab (visited)

Shops:
D:2 [   D:3 !   D:13 **=(   D:14 [   Orc:2 =**?   Elf:2 [   Elf:3 [
Shoals:2 (   Shoals:4 (   Vaults:3 *   Vaults:4 ?((?:   Vaults:5 :
Depths:1 =:=

Portals:
Hell: Depths:1 Depths:2 Depths:3 Depths:4
Abyss: Lair:2 Depths:3
Pandemonium: Depths:2 Depths:3
Ziggurat: Depths:4

Annotations:
Crypt:2 Mennas
Depths:1 1 runed translucent door


Innate Abilities, Weirdness & Mutations

You have an increased reservoir of magic. (+10% MP)
You shall have no god before yourself.
Your divine heritage dramatically boosts your attributes as you level up.


Message History

You feel clever.
o - the +6 rapier "Kereynan" (weapon)
{vorpal, rElec Will++ Int+4 SInv} Mennas looks to the heavens.
Mennas hits you with a +2 eudemon blade of holy wrath!
* * * LOW HITPOINT WARNING * * *
Mennas hits you with a +2 eudemon blade of holy wrath!!
* * * LOW HITPOINT WARNING * * *
Unknown command.
Mennas blocks your attack.
Mennas is almost dead.
Mennas barely misses you.
Mennas hits you with a +2 eudemon blade of holy wrath!
* * * LOW HITPOINT WARNING * * *
Mennas hits you with a +2 eudemon blade of holy wrath!
* * * LOW HITPOINT WARNING * * *
Mennas closely misses you.
Okay, then.
Unknown command.
Mennas blocks your attack.
Mennas is almost dead.
Mennas completely misses you.
Mennas hits you with a +2 eudemon blade of holy wrath!!
* * * LOW HITPOINT WARNING * * *
Mennas barely misses you.
Mennas hits you with a +2 eudemon blade of holy wrath!!
* * * LOW HITPOINT WARNING * * *
You feel much better.
Mennas hits you with a +2 eudemon blade of holy wrath!!
* * * LOW HITPOINT WARNING * * *
Mennas closely misses you.
Unknown command.
You feel much better.
Mennas hits you with a +2 eudemon blade of holy wrath!!
* * * LOW HITPOINT WARNING * * *
Mennas hits you with a +2 eudemon blade of holy wrath!
* * * LOW HITPOINT WARNING * * *
Mennas hits you with a +2 eudemon blade of holy wrath!!
* * * LOW HITPOINT WARNING * * *
Mennas hits you with a +2 eudemon blade of holy wrath!!
You die...

## ### ##.# #@#
#######..# ##A#
)........# ###..#
..#####.#####...##
..## #####...###
...## #...##
.#..## #..##
###..# #..# #..#
##.#


You could see Mennas (silencing).

Vanquished Creatures
  the Royal Jelly (Slime:5)
  2 dread liches (Crypt:3)
  2 ancient liches (Vaults:5)
  A juggernaut (Depths:3)
  Mara (Crypt:3)
  Boris (Crypt:2)
  Saint Roka (Vaults:3)
  Bai Suzhen (Vaults:2)
  A curse toe (Zot:1)
  Frederick (Vaults:2)
  A caustic shrike (Depths:1)
  6 golden dragons
  The ghost of Esecs the Devastator, a veteran GrEE of Lugonu (Crypt:1)
  A mutant beast (WizLab)
  Nikola (Spider:1)
  The ghost of GloriousHammer the Brawler, an adept TrHu of Okawaru (Vaults:3)
  A bone dragon (Crypt:1)
  Arachne (Spider:2)
  Jorgrun (D:13)
  2 electric golems (Zot:1)
  7 tentacled monstrosities
  A walking crystal tome (Depths:3)
  Rupert (D:13)
  Mlioglotl (Lair:4)
  Asterion (Vaults:3)
  A walking divine tome (Depths:3)
  7 liches
  3 deep elf blademasters
  2 deep elf master archers (Elf:3)
  A walking frostbound tome (Depths:3)
  4 titans (Vaults:5)
  11 ancient champions
  2 death cobs (Zot:1)
  A kraken (Shoals:3)
  19 acid blobs
  A quicksilver dragon (Zot:1)
  Kirke (Lair:6)
  Gastronok (Lair:2)
  7 sphinxes
  Polyphemus (Shoals:2)
  7 shadow dragons
  Agnes (Spider:1)
  6 storm dragons
  4 tengu reavers
  2 draconian monks (Zot:1)
  2 revenants (Crypt:3)
  2 draconian knights (Zot:1)
  13 azure jellies
  8 rockslimes
  2 iron dragons
  Aizul (Vaults:2)
  5 draconian scorchers
  10 fire giants
  7 deep elf sorcerers
  16 vault wardens
  9 frost giants
  7 emperor scorpions
  4 ghost moths
  2 curse skulls
  3 deep elf elementalists (Elf:3)
  4 draconian shifters
  Louise (Shoals:2)
  3 spriggan defenders (Depths:3)
  2 draconian stormcallers (Zot:1)
  An orc warlord (Vaults:3)
  2 draconian annihilators
  14 ghouls
  A broodmother (shapeshifter) (Vaults:5)
  17 quicksilver oozes
  14 ironbound preservers
  4 reapers
  3 broodmothers
  4 war gargoyles
  16 very ugly things
  Nessos (D:12)
  20 stone giants
  5 ironbound thunderhulks
  5 black draconians
  9 deep elf demonologists
  4 green draconians
  10 white draconians
  2 yellow draconians (Zot:1)
  5 entropy weavers
  The ghost of RatsInWalls the Basher, a journeyman TrMo of Fedhas (Lair:2)
  11 red draconians
  12 vampire knights
  5 spark wasps
  7 deep elf annihilators (Elf:3)
  7 purple draconians (Zot:1)
  11 dire elephants
  Snorg (Orc:1)
  7 deep elf death magi
  3 eidola
  2 mummy priests (Crypt:3)
  11 ettins
  A quicksilver dragon zombie (D:15)
  11 great orbs of eyes
  2 merfolk javelineers
  5 rakshasas
  7 deep elf high priests
  9 fire dragons
  11 jiangshi
  10 yaktaur captains
  Fannar (Lair:3)
  12 merfolk impalers
  2 spriggan zombies (Crypt:3)
  3 jorogumos
  Harold (Lair:2)
  7 ice dragons
  31 vault guards
  The ghost of mortz the Destroyer, a journeyman HOCj of Vehumet (D:9)
  8 hydras
  Erolcha (Orc:2)
  2 merfolk avatars (Shoals:2)
  4 quicksilver dragon skeletons
  2 hell beasts (Depths:4)
  2 catoblepae
  3 spriggan air magi
  7 boulder beetles
  A ghost crab (Spider:4)
  A peacekeeper (Vaults:3)
  2 death knights (Crypt:1)
  13 centaur warriors
  7 two-headed ogres
  10 ironbound frosthearts
  A fenstrider witch skeleton (Crypt:1)
  2 radroaches
  An alligator snapping turtle (Shoals:4)
  28 dancing weapons
  An ogre mage (Vaults:5)
  An anaconda (shapeshifter) (WizLab)
  Erica (D:10)
  7 merfolk aquamancers
  9 deep troll shamans
  5 spriggan berserkers (Depths:3)
  15 death yaks
  8 satyrs
  6 tengu warriors
  6 orc high priests (Orc:2)
  7 vampire magi
  A hell hog (Lair:2)
  7 deep troll earth magi
  3 soul eaters
  A sun demon (Lair:2)
  A thrashing horror (Lair:2)
  17 hell knights
  16 deep elf knights
  A sun moth (Spider:3)
  28 skeletal warriors
  A bunyip zombie (Crypt:3)
  5 pharaoh ants
  A shadow wraith (Crypt:3)
  11 flayed ghosts
  41 deep trolls
  A fire crab (shapeshifter) (WizLab)
  2 goliath frogs (shapeshifter)
  3 iron trolls
  6 sea snakes
  A swamp dragon (shapeshifter) (Vaults:5)
  7 glowing orange brains
  A glowing orange brain (shapeshifter) (Vaults:5)
  6 orb spiders
  2 bog bodies
  A steelbarb worm (shapeshifter) (WizLab)
  2 lindwurms
  11 steelbarb worms
  2 harpies (shapeshifter)
  20 ironbound convokers
  A quicksilver dragon simulacrum (Depths:4)
  9 necromancers
  11 wizards
  An orb spider (shapeshifter) (WizLab)
  16 deep elf archers
  5 orc knights
  Pikel (D:4)
  6 harpies (Shoals:4)
  The ghost of pkoi the Insei, a novice DgGl (D:6)
  7 large abominations (WizLab)
  12 phantasmal warriors
  A golden dragon skeleton (D:15)
  29 deep elf pyromancers
  28 deep elf zephyrmancers
  A shadow dragon zombie (Crypt:2)
  18 wolf spiders
  3 orc sorcerers
  29 ugly things
  15 manticores
  25 fauns
  6 shining eyes
  19 elephants
  10 cyclopes
  10 moths of wrath
  A stone giant zombie (Crypt:3)
  3 black mambas
  A fire giant skeleton (D:15)
  2 salamanders (shapeshifter)
  3 eyes of devastation
  A rust devil (Depths:3)
  A moth of wrath (shapeshifter) (WizLab)
  7 torpor snails
  A dire elephant zombie (Crypt:1)
  A torpor snail (shapeshifter) (WizLab)
  8 water nymphs
  16 merfolk sirens
  A stone giant skeleton (Crypt:3)
  A gargoyle (D:12)
  14 vault sentinels
  A guardian serpent (shapeshifter) (WizLab)
  13 cane toads
  A rime drake (shapeshifter) (D:15)
  The ghost of KittyFluff the Cudgeller, a novice DsBe of Trog (D:8)
  A cane toad (shapeshifter) (D:13)
  An ice statue (D:8)
  An unseen horror (shapeshifter) (WizLab)
  2 demonic crawlers (Spider:4)
  Maggie (Lair:2)
  A rime drake (Lair:4)
  Psyche (D:8)
  A komodo dragon (shapeshifter) (WizLab)
  A hellion (Depths:3)
  3 freezing wraiths (Crypt:1)
  10 komodo dragons
  29 yaktaurs
  4 guardian mummies
  8 tengu conjurers
  2 yaktaurs (shapeshifter) (WizLab)
  A red draconian skeleton (Crypt:3)
  9 trolls
  A minotaur skeleton (Crypt:2)
  A hellwing (Depths:3)
  An iron troll skeleton (Crypt:2)
  24 merfolk
  6 polar bears
  9 meliai
  8 wind drakes
  A meliai (shapeshifter) (WizLab)
  8 tyrant leeches
  A raiju (shapeshifter) (WizLab)
  126 slime creatures
  9 hornets
  A hornet (shapeshifter) (WizLab)
  17 blink frogs
  7 snapping turtles
  23 tarantellas
  2 meliai zombies
  18 dream sheep
  A jumping spider zombie (Crypt:1)
  2 ettin zombies
  A blink frog (shapeshifter) (WizLab)
  30 culicivoras
  40 jumping spiders
  19 spriggans
  3 flying skulls (Crypt:2)
  8 air elementals
  2 spriggans (shapeshifter) (WizLab)
  2 shadows
  2 spriggan skeletons
  A human (shapeshifter) (WizLab)
  6 basilisks
  A culicivora (shapeshifter) (WizLab)
  5 fire dragon skeletons (Crypt:1)
  3 wyverns
  A golden eye (shapeshifter) (WizLab)
  3 hogs (Lair:6)
  Grum (D:8)
  7 wraiths
  3 basilisks (shapeshifter) (WizLab)
  30 water elementals
  63 yaks
  6 fire elementals
  14 vampire mosquitoes
  16 golden eyes
  58 redbacks
  2 chaos spawn (Depths:3)
  Menkaure (D:7)
  A steam dragon (D:8)
  An iron golem (WizLab)
  4 acid dragons
  A cane toad zombie (Crypt:1)
  7 wargs
  A swamp worm (shapeshifter) (Elf:3)
  5 hell hounds
  A deep troll skeleton (Crypt:2)
  Duvessa (D:5)
  A faun skeleton (Crypt:2)
  13 water moccasins
  A water moccasin (shapeshifter) (WizLab)
  6 floating eyes
  12 black bears
  A water nymph skeleton (Crypt:3)
  21 orc warriors
  2 hornet zombies
  4 sky beasts
  2 ice beasts
  39 wolves
  6 small abominations (WizLab)
  9 necrophages
  14 ogres
  A swamp dragon zombie (Crypt:3)
  8 boggarts
  A lindwurm skeleton (Crypt:3)
  A human skeleton (Vaults:1)
  12 centaurs
  A lemure (D:4)
  4 phantoms
  A human zombie (Vaults:1)
  2 kobold brigands
  19 bullfrogs
  4 earth elementals (Elf:1)
  5 scorpions
  A polar bear zombie (Crypt:1)
  A wyvern skeleton (D:6)
  Dowan (D:5)
  A shapeshifter zombie (Crypt:1)
  8 killer bees
  6 howler monkeys
  A wight (D:8)
  3 electric eels (D:13)
  A yak skeleton (Crypt:2)
  2 centaur zombies
  2 bullfrog zombies (D:5)
  5 hounds
  38 orc priests
  2 black bear zombies
  6 centaur skeletons
  2 jellies
  6 gnoll shamans
  2 bullfrog skeletons
  4 iguanas
  Ijyb (D:3)
  A scorpion zombie (D:5)
  6 hell rats (Lair:4)
  26 orc wizards
  2 killer bee zombies
  A felid zombie (Crypt:2)
  A dwarf skeleton (Crypt:1)
  3 howler monkey zombies
  24 gnolls
  A howler monkey skeleton (D:5)
  10 adders
  A shadow imp (D:5)
  2 ufetubi (D:5)
  A halfling skeleton (Crypt:2)
  An iguana skeleton (Crypt:1)
  5 worms
  4 dart slugs
  92 orcs
  6 endoplasms
  A giant cockroach (D:3)
  15 goblins
  4 hobgoblins
  14 jackals
  8 kobolds
  A quokka (D:2)
  8 ball pythons
  5 bats
  3 frilled lizards
  A jackal zombie (Crypt:3)
  3 rats
  A fulminant prism (D:12)
  A tentacle (Shoals:3)
2479 creatures vanquished.

Vanquished Creatures (collateral kills)
  3 orcs (D:7)
3 creatures vanquished.

Vanquished Creatures (others)
  A deep elf knight (Elf:2)
  A vampire mosquito (D:7)
  397 fulminant prisms
  36 fungi
  126 plants
  2 starspawn tentacles (Lair:4)
  7 tentacles
  11 withered plants
581 creatures vanquished.

Grand Total: 3063 creatures vanquished

Notes
Turn   | Place    | Note
-------+----------+-------------------------------------------
     0 | D:1      | pkoi the Demigod Conjurer began the quest for the Orb.
     0 | D:1      | Reached XP level 1. HP: 14/14 MP: 5/5
   454 | D:1      | Reached XP level 2. HP: 20/20 MP: 4/7
  1158 | D:1      | Learned a level 2 spell: Searing Ray
  1511 | D:2      | Reached XP level 3. HP: 26/26 MP: 6/8
  1667 | D:2      | Got Plato's Collected Works on the Arsonist
  1676 | D:2      | Found Xoutsi's Antique Armour Shop.
  2386 | D:3      | Reached skill level 5 in Conjurations
  2386 | D:3      | Reached XP level 4. HP: 16/33 MP: 5/10
  3392 | D:3      | Reached XP level 5. HP: 38/38 MP: 6/11
  3906 | D:3      | Noticed Ijyb
  3924 | D:3      | Killed Ijyb
  4038 | D:3      | Learned a level 4 spell: Iskenderun's Mystic Blast
  4215 | D:3      | Found Gacrao Tiuh's Distillery.
  4301 | D:3      | Bought a potion of mutation for 104 gold pieces
  4604 | D:4      | Identified 2 scrolls of acquirement
  4840 | D:3      | Acquired a book of Fire
  4965 | D:4      | Acquired the Reference Book on Icy Flight
  5186 | D:4      | Noticed Pikel
  5656 | D:4      | Found a staircase to the Ecumenical Temple.
  6285 | D:5      | Entered Level 5 of the Dungeon
  6285 | D:5      | Noticed an ogre
  6292 | D:5      | Killed an ogre
  6293 | D:5      | Reached skill level 1 in Translocations
  6293 | D:5      | Reached XP level 6. HP: 20/45 MP: 13/13
  6460 | D:5      | Learned a level 3 spell: Mephitic Cloud
  6656 | D:5      | Noticed Dowan
  6658 | D:5      | Noticed Duvessa
  6962 | D:6      | Reached skill level 1 in Air Magic
  6962 | D:6      | Reached skill level 1 in Poison Magic
  7031 | D:6      | Found a transporter.
  7032 | D:6      | Found a transporter.
  7033 | D:6      | Noticed pkoi's ghost (novice DgGl)
  7553 | D:6      | Reached XP level 7. HP: 50/50 MP: 7/14
  8840 | D:5      | Reached XP level 8. HP: 30/57 MP: 7/17
  9164 | D:5      | Learned a level 4 spell: Fulminant Prism
  9656 | D:5      | Reached skill level 1 in Hexes
 10638 | D:5      | Reached skill level 5 in Translocations
 11183 | D:5      | Reached XP level 9. HP: 46/62 MP: 5/18
 11543 | D:5      | Killed Dowan
 11549 | D:5      | Killed Duvessa
 11798 | Temple   | Entered the Ecumenical Temple
 12310 | D:4      | Killed Pikel
 12722 | D:7      | Reached skill level 5 in Hexes
 12850 | D:7      | Noticed Menkaure
 12862 | D:7      | Killed Menkaure
 13444 | D:7      | Reached skill level 1 in Fighting
 13715 | D:8      | Found a transporter.
 13727 | D:8      | Noticed a two-headed ogre
 13740 | D:8      | Noticed a centaur warrior
 13749 | D:8      | Noticed KittyFluff's ghost (novice DsBe)
 13786 | D:8      | Noticed a komodo dragon
 13813 | D:8      | Found a transporter.
 13827 | D:8      | Noticed a death yak
 13827 | D:8      | Noticed an elephant
 13858 | D:8      | Noticed an ice statue
 14136 | D:7      | Killed an elephant
 14137 | D:7      | Reached XP level 10. HP: 30/73 MP: 3/19
 14430 | D:8      | Noticed Grum
 14453 | D:8      | Killed Grum
 14908 | D:8      | Noticed Psyche
 14914 | D:8      | Killed Psyche
 15125 | D:8      | Found a staircase to the Lair.
 15518 | D:9      | Found a runed translucent door.
 16001 | D:9      | Noticed a harpy
 16006 | D:9      | Killed a harpy
 16281 | D:9      | Noticed a two-headed ogre
 16293 | D:9      | Killed a two-headed ogre
 16679 | D:9      | Noticed mortz's ghost (journeyman HOCj)
 16679 | D:9      | Noticed a cyclops
 16711 | Lair:1   | Entered Level 1 of the Lair of Beasts
 16756 | Lair:1   | Reached XP level 11. HP: 83/83 MP: 4/22
 16797 | D:8      | Reached skill level 5 in Spellcasting
 17687 | D:9      | Killed mortz's ghost
 17688 | D:9      | Reached skill level 5 in Dodging
 17809 | D:9      | Learned a level 4 spell: Olgreb's Toxic Radiance
 18463 | Lair:2   | Noticed Harold
 18546 | Lair:2   | Noticed Maggie
 18806 | Lair:1   | Learned a level 3 spell: Ignite Poison
 18814 | Lair:2   | Killed Maggie
 19011 | Lair:2   | Killed Harold
 19012 | Lair:2   | Reached skill level 5 in Fighting
 19012 | Lair:2   | Reached skill level 1 in Transmutations
 19012 | Lair:2   | Reached skill level 1 in Fire Magic
 19270 | Lair:2   | Found a staircase to the Shoals.
 19555 | Lair:2   | Found a transporter.
 19576 | Lair:2   | Reached skill level 5 in Poison Magic
 19785 | Lair:2   | Found a transporter.
 19843 | Lair:2   | Found a one-way gate to the infinite horrors of the Abyss.
 19843 | Lair:2   | Noticed RatsInWalls's ghost (journeyman TrMo)
 19846 | Lair:2   | Noticed a sun demon
 19847 | Lair:2   | Noticed a hell hog
 19849 | Lair:2   | Noticed a thrashing horror
 20202 | Lair:3   | Noticed Gastronok
 20210 | Lair:3   | Noticed a five-headed hydra
 20216 | Lair:2   | Reached XP level 12. HP: 79/94 MP: 10/25
 20299 | Lair:2   | Killed Gastronok
 20573 | Lair:3   | Killed a five-headed hydra
 21023 | Lair:3   | Noticed a four-headed hydra
 21123 | Lair:3   | Killed a four-headed hydra
 22373 | Lair:3   | Noticed Fannar
 22377 | Lair:3   | Killed Fannar
 22919 | Lair:4   | Noticed a five-headed hydra
 22936 | Lair:4   | Killed a five-headed hydra
 22951 | Lair:4   | Reached XP level 13. HP: 96/104 MP: 4/27
 23374 | Lair:4   | Found a hole to the Spider Nest.
 24272 | Lair:5   | Learned a level 5 spell: Freezing Cloud
 24308 | Lair:5   | Reached skill level 5 in Fire Magic
 24309 | Lair:5   | Reached skill level 1 in Ice Magic
 25274 | Lair:6   | Entered Level 6 of the Lair of Beasts
 25353 | Lair:6   | Noticed Kirke
 25403 | Lair:6   | Noticed a sphinx
 26428 | Lair:6   | Noticed a sphinx
 26791 | Lair:6   | Found a runed translucent door.
 26791 | Lair:6   | Noticed an azure jelly
 26792 | Lair:6   | Found a staircase to the Slime Pits.
 26792 | Lair:6   | Noticed an azure jelly
 27199 | Lair:6   | Killed Kirke
 27200 | Lair:6   | Reached XP level 14. HP: 114/114 MP: 12/30
 27885 | Lair:6   | Identified the +2 cloak of the Elven Halls {Stlth+}
 28627 | D:10     | Entered Level 10 of the Dungeon
 28783 | D:10     | Noticed Erica
 28788 | D:10     | Killed Erica
 29672 | D:11     | Reached skill level 5 in Ice Magic
 30337 | D:12     | Found a staircase to the Orcish Mines.
 30344 | D:12     | Noticed Nessos
 30353 | D:12     | Killed Nessos
 31255 | D:12     | Found a runed translucent door.
 31494 | D:6      | Killed pkoi's ghost
 31806 | Spider:1 | Entered Level 1 of the Spider Nest
 31965 | Spider:1 | Reached skill level 10 in Conjurations
 32285 | Spider:1 | Noticed Mlioglotl
 32370 | Lair:4   | Learned a level 2 spell: Poisonous Vapours
 32376 | Spider:1 | Noticed a tentacled starspawn
 32381 | Spider:1 | Noticed a profane servitor
 32389 | Lair:4   | Killed Mlioglotl
 32805 | Spider:1 | Noticed Agnes
 32809 | Spider:1 | Killed Agnes
 32809 | Spider:1 | Noticed an emperor scorpion
 32818 | Spider:1 | Killed an emperor scorpion
 33317 | Spider:1 | Reached XP level 15. HP: 124/124 MP: 33/33
 33472 | Spider:1 | Noticed Nikola
 33481 | Spider:1 | Killed Nikola
 34393 | Spider:2 | Noticed Arachne
 34699 | Shoals:1 | Entered Level 1 of the Shoals
 35328 | Shoals:1 | Noticed a kraken
 36184 | Shoals:2 | Noticed Louise
 36191 | Shoals:2 | Killed Louise
 36192 | Shoals:2 | Reached skill level 10 in Spellcasting
 36620 | Shoals:2 | Reached skill level 10 in Ice Magic
 36635 | Shoals:1 | Learned a level 7 spell: Ozocubu's Refrigeration
 36976 | Shoals:2 | Found Taeps's Weapon Boutique.
 36976 | Shoals:2 | Noticed Polyphemus
 36982 | Shoals:2 | Killed Polyphemus
 37096 | Shoals:2 | Identified the +0 pair of boots of Woneaz {Dex+2}
 37684 | Shoals:3 | Reached skill level 10 in Fighting
 37721 | Shoals:3 | Reached skill level 10 in Dodging
 38508 | Shoals:3 | Reached XP level 16. HP: 134/134 MP: 22/35
 39268 | Shoals:3 | Noticed a kraken
 39273 | Shoals:3 | Killed a kraken
 39527 | Shoals:4 | Entered Level 4 of the Shoals
 39941 | Shoals:4 | Found Fisaq's Weapon Boutique.
 40926 | Shoals:4 | Got a barnacled rune of Zot
 41373 | Shoals:4 | Identified the +4 barding of the Apricot {Dex+3 Slay+2}
 41373 | Shoals:4 | Found the +8 Wrath of Trog {antimagic, *Rage Rampage}
 41443 | Shoals:4 | Found the +8 longbow "Zephyr" {speed, Dex+3 SInv}
 44079 | Spider:2 | Killed Arachne
 47693 | Spider:4 | Entered Level 4 of the Spider Nest
 48383 | Spider:4 | Reached XP level 17. HP: 101/144 MP: 37/37
 50840 | D:13     | Noticed Jorgrun
 50846 | D:13     | Killed Jorgrun
 51210 | D:13     | Found a gate to the Vaults.
 51290 | D:13     | Found Ujutywko's Weapon Boutique.
 51298 | D:13     | Noticed Rupert
 51307 | D:13     | Killed Rupert
 51427 | D:13     | Found Tammi's Jewellery Shoppe.
 51433 | D:13     | Found Yhaigife's Assorted Antiques.
 51441 | D:13     | Bought a sedimented red potion for 26 gold pieces
 51441 | D:13     | Bought a distressingly furry leather armour for 203 gold
                  | pieces
 51441 | D:13     | Identified the +1 leather armour of Moll {Int-4 Slay+5
                  | SInv} (You bought it in a shop on level 13 of the Dungeon)
 51450 | D:13     | Found Razat's Assorted Antiques.
 51599 | D:13     | Bought a glowing cloak for 217 gold pieces
 51752 | D:13     | Reached skill level 1 in Evocations
 51926 | D:14     | Found Kistrolly's Armour Shop.
 51976 | D:14     | Bought the +0 pair of gloves of Pathos {rF+ Dex+4 SInv} for
                  | 466 gold pieces
 53212 | D:14     | HP: 7/146 [salamander (shapeshifter) (5)]
 54096 | D:14     | Identified the -3 helmet of Parlour Games {rCorr Stlth+}
 54099 | D:14     | Identified the amulet "Wuyschao" {Acrobat Rampage Fragile
                  | rF+ Dex+4}
 54099 | D:14     | Identified the +9 morningstar of Destiny {vorpal, MP+9}
 54111 | D:14     | Acquired 655 gold pieces
 54207 | D:15     | Entered Level 15 of the Dungeon
 54207 | D:15     | Found a staircase to the Depths.
 55656 | D:15     | Found the +8 Vampire's Tooth {vamp}
 56806 | Spider:3 | Learned a level 6 spell: Starburst
 57590 | Spider:4 | Reached XP level 18. HP: 140/155 MP: 3/39
 58022 | Spider:4 | Got a gossamer rune of Zot
 58381 | Orc:1    | Entered Level 1 of the Orcish Mines
 58840 | Orc:1    | Noticed Snorg
 58850 | Orc:1    | Killed Snorg
 59125 | Orc:2    | Entered Level 2 of the Orcish Mines
 59224 | Orc:2    | Found Xinoruir's Magic Scroll Shoppe.
 59228 | Orc:2    | Found Qizuabaps's Assorted Antiques.
 59487 | Orc:2    | Bought a scroll of teleportation for 36 gold pieces
 59487 | Orc:2    | Bought a scroll of fear for 42 gold pieces
 59487 | Orc:2    | Bought a scroll of blinking for 90 gold pieces
 59498 | Orc:2    | Bought a scroll of teleportation for 84 gold pieces
 59576 | Orc:2    | Found Netaxzi's Assorted Antiques.
 59576 | Orc:2    | Found Bidonedu's Jewellery Shop.
 59743 | Orc:2    | Found a staircase to the Elven Halls.
 59964 | Orc:2    | Noticed Erolcha
 59966 | Orc:2    | Killed Erolcha
 60096 | Orc:2    | Bought a fine glass ring for 160 gold pieces
 60096 | Orc:2    | Identified the ring "Ugysykhlo" {rPois rF+} (You bought it
                  | in a shop on level 2 of the Orcish Mines)
 60096 | Orc:2    | Bought a bubbling emerald potion for 28 gold pieces
 60096 | Orc:2    | Reached XP level 19. HP: 161/161 MP: 40/40
 60332 | Elf:1    | Entered Level 1 of the Elven Halls
 60394 | Elf:1    | Found a magical portal.
 60403 | WizLab   | Entered Cigotuvi's Fleshworks
 60835 | WizLab   | Got Bojyraix's Volume of Shape Shifting
 60837 | WizLab   | Got the Papyrus of Transmutation
 60840 | WizLab   | Got Cigotuvi's Papyrus of Black Rituals
 60856 | WizLab   | Reached skill level 5 in Stealth
 60857 | WizLab   | Reached skill level 15 in Ice Magic
 61126 | WizLab   | Reached skill level 5 in Evocations
 61293 | WizLab   | Paralysed by a floating eye for 3 turns
 61404 | WizLab   | Found the -2 hat of the Alchemist {rElec rPois rF+ rC+ rN+
                  | Will+ rMut rCorr}
 62200 | Elf:1    | You fall into a shaft and drop 1 floor!
 62272 | Elf:2    | Learned a level 1 spell: Apportation
 62844 | Elf:1    | Got Ymihobih's Almanac of Creative Damage Dealing
 63182 | Elf:2    | Found Buepp's Antique Armour Shoppe.
 63190 | Elf:2    | Bought an ichor-stained ring mail for 369 gold pieces
 63190 | Elf:2    | Identified the +3 ring mail "Yxtafyet" {Str+2} (You bought
                  | it in a shop on level 2 of the Elven Halls)
 63200 | Elf:2    | Identified the +1 chain mail of Optimism {rN+++ Regen+
                  | Slay-2 Stlth+}
 63609 | Elf:2    | Found a large runed translucent door.
 63609 | Elf:2    | Found a large runed translucent door.
 63642 | Elf:2    | Found a large runed translucent door.
 63642 | Elf:2    | Found a large runed translucent door.
 64009 | Elf:2    | Found the +10 morningstar "Eos" {elec, Halo rElec}
 65274 | Elf:3    | Entered Level 3 of the Elven Halls
 65750 | Elf:3    | Reached XP level 20. HP: 135/172 MP: 41/41
 65754 | Elf:3    | Reached skill level 10 in Fire Magic
 66182 | Elf:3    | Found Syfesm's Armour Shoppe.
 66198 | Elf:3    | Reached XP level 21. HP: 180/180 MP: 43/43
 66217 | Elf:3    | Identified the +6 rapier "Kereynan" {vorpal, rElec Will++
                  | Int+4 SInv}
 66593 | Elf:3    | Identified the +9 halberd "Naqeen" {antimagic, Will+ Dex+4}
 66741 | Elf:3    | Identified the ring "Nyosenti" {Str-5 Int+6 Dex+3 Slay+5}
 66946 | Elf:3    | Identified the +7 great sword "Vaempal" {vorpal, rElec}
 66986 | Elf:3    | Identified the +9 dagger of Moderation {vorpal, rF+}
 67078 | Elf:3    | Identified the +5 longbow of Bloodstone {venom, Dex+3}
 67102 | Elf:3    | Got the Handbook of Attacks
 67104 | Elf:3    | Identified the +1 quarterstaff of Accord {elec, rPois rCorr
                  | Str+2}
 67106 | Elf:3    | Identified the +0 helmet of Sitse {Drain rN+ rCorr}
 68632 | Vaults:1 | Entered Level 1 of the Vaults
 68717 | Vaults:1 | Reached skill level 1 in Bows
 70912 | Vaults:2 | Noticed Frederick
 70920 | Vaults:2 | Killed Frederick
 71216 | Vaults:2 | Noticed Bai Suzhen
 71414 | Vaults:2 | Noticed Aizul
 71419 | Vaults:2 | Killed Aizul
 72117 | Vaults:2 | Found a staircase to the Crypt.
 72581 | Vaults:3 | Found a large runed translucent door.
 72581 | Vaults:3 | Found a large runed translucent door.
 72581 | Vaults:3 | Found a large runed translucent door.
 72581 | Vaults:3 | Found a large runed translucent door.
 72582 | Vaults:3 | Found a large runed translucent door.
 72582 | Vaults:3 | Found a large runed translucent door.
 72582 | Vaults:3 | Found a large runed translucent door.
 72582 | Vaults:3 | Found a large runed translucent door.
 72582 | Vaults:3 | Noticed GloriousHammer's ghost (adept TrHu)
 72603 | Vaults:3 | Noticed Asterion
 72609 | Vaults:3 | Killed Asterion
 73103 | Vaults:3 | Reached skill level 5 in Bows
 73778 | Vaults:3 | Noticed Saint Roka
 73787 | Vaults:3 | Killed Saint Roka
 73788 | Vaults:3 | Reached XP level 22. HP: 163/190 MP: 42/45
 73990 | Vaults:3 | Found Zigeonn's Assorted Antiques.
 74053 | Vaults:3 | Bought a scroll of teleportation for 126 gold pieces
 74453 | Vaults:3 | You fall into a shaft and drop 1 floor!
 75624 | Vaults:4 | Found Taehoreydit's Magic Scroll Shop.
 75629 | Vaults:4 | Bought a scroll of fear for 56 gold pieces
 75629 | Vaults:4 | Bought a scroll of blinking for 120 gold pieces
 75738 | Vaults:4 | Found Iruat's Magic Scroll Boutique.
 75740 | Vaults:4 | Found Tahoshriq's Weapon Shop.
 75874 | Vaults:4 | Bought a scroll of teleportation for 60 gold pieces
 75874 | Vaults:4 | Bought a scroll of blinking for 150 gold pieces
 75874 | Vaults:4 | Bought a scroll of magic mapping for 70 gold pieces
 75951 | Vaults:4 | Found Cutibut's Book Boutique.
 76637 | Vaults:4 | Found Wyfuphuch's Weapon Shop.
 77084 | Depths:1 | Entered Level 1 of the Depths
 77500 | Depths:1 | Noticed a caustic shrike
 77507 | Depths:1 | Killed a caustic shrike
 78209 | Depths:1 | Found a runed translucent door.
 78649 | Depths:1 | Found a gateway to Hell.
 78867 | Depths:1 | Found Ciomuh's Jewellery Boutique.
 78867 | Depths:1 | Found Jeampasm's Book Emporium.
 78869 | Depths:1 | Found Uqilimp's Jewellery Boutique.
 79098 | Vaults:4 | Bought Sif Muna's Reference Book on Flying Attacks for 684
                  | gold pieces
 79106 | Vaults:4 | Learned a level 7 spell: Orb of Destruction
 80432 | Depths:2 | Found a one-way gate leading to the halls of Pandemonium.
 82391 | Depths:3 | Reached XP level 23. HP: 197/198 MP: 47/47
 82414 | Depths:3 | Reached skill level 15 in Fighting
 82453 | Depths:3 | Reached skill level 15 in Dodging
 84268 | Depths:3 | Noticed a juggernaut
 84279 | Depths:3 | Killed a juggernaut
 84280 | Depths:3 | Reached skill level 10 in Bows
 84815 | Depths:3 | Identified the +1 plate armour of the Enchanted Forest
                  | {rPois rC+ Dex+4}
 85061 | Depths:4 | Entered Level 4 of the Depths
 85739 | Depths:4 | Found a one-way gateway to a ziggurat.
 86056 | Depths:4 | Found a gate to the Realm of Zot.
 86448 | Vaults:4 | Bought Lom Lobon's Almanac of the Compass for 646 gold
                  | pieces
 86451 | Vaults:4 | Learned a level 2 spell: Blink
 86584 | D:13     | Bought a ring of wizardry for 510 gold pieces
 86596 | D:13     | Learned a level 8 spell: Ignition
 87700 | D:8      | Killed KittyFluff's ghost
 87880 | D:8      | Identified the +4 trident "Demon's Undoing" {venom, rC-
                  | Str+6}
 88441 | Lair:2   | Reached skill level 15 in Spellcasting
 88450 | Lair:2   | Killed RatsInWalls's ghost
 89392 | Vaults:2 | Killed Bai Suzhen
 89473 | Vaults:2 | Found a portal to a secret trove of treasure.
 89614 | Vaults:3 | Killed GloriousHammer's ghost
 90129 | Slime:1  | Entered Level 1 of the Pits of Slime
 92656 | Slime:4  | Reached skill level 15 in Fire Magic
 94094 | Slime:5  | Entered Level 5 of the Pits of Slime
 94110 | Slime:5  | Reached XP level 24. HP: 198/206 MP: 14/48
 94692 | Slime:5  | Noticed the Royal Jelly
 94696 | Slime:5  | Killed the Royal Jelly
 95299 | Slime:5  | Found the brooch of Shielding {Spirit SH+8}
 95306 | Slime:5  | Identified the +2 longbow of Discomfort {vorpal, rCorr
                  | Int+5}
 95313 | Slime:5  | Got a slimy rune of Zot
 95315 | Slime:5  | Found the +7 Singing Sword {vorpal, sonic wave}
 95323 | Slime:5  | Identified the +5 broad axe of Upheaval {vorpal, rElec}
 95347 | Slime:5  | Identified the +4 chain mail of Zin's Vengeance {rPois
                  | rCorr}
 95350 | Slime:5  | Identified the +8 glaive "Hudulax" {protect, Will+ Str+2}
 95352 | Slime:5  | Identified the +8 broad axe of Mickiyl {elec, *Noise rPois
                  | rF- rC+++}
 95375 | Slime:5  | Got the Guide on Calling
 95380 | Slime:5  | Identified the +0 pair of boots of the Shining One {rPois
                  | rF+ Dex-3}
 95387 | Slime:5  | Identified the ring "Nahaty" {rElec rPois rF+ Str-5 Dex+2
                  | SInv}
 95403 | Slime:5  | Identified the +11 mace "Zyetz" {holy, rElec rF++ Str+8
                  | Dex-5}
 96646 | Vaults:2 | You showed the slimy rune of Zot to enter a treasure trove
 96647 | Trove    | Entered a treasure trove
 96670 | Trove    | Identified the +1 morningstar of Conformity {drain, *Rage
                  | +Blink Will+++ Stlth-}
 96674 | Trove    | Identified the +5 scale mail of Huzuem {Int+2}
 96676 | Trove    | Identified the +1 plate armour of Inaction {Contam rCorr
                  | Int+4}
 96823 | Vaults:5 | Entered Level 5 of the Vaults
 97490 | Vaults:5 | Noticed an ancient lich
 97496 | Vaults:5 | Killed an ancient lich
 97892 | Vaults:5 | Found Apnyush's Book Shop.
 98217 | Vaults:5 | Identified the amulet "Gulyo" {Acrobat rElec rC+}
 99684 | Vaults:5 | Identified the +1 chain mail of the Great Game {+Inv rC+
                  | rN+ Dex-5}
 99709 | Vaults:5 | Got a silver rune of Zot
100358 | Vaults:5 | Identified the +7 shortbow of the Evil Eye {flame, rN+
                  | Str-2 Int+3 SInv}
100361 | Vaults:5 | Identified the +9 hunting sling "Lud Bim" {vorpal, rC+
                  | SInv}
100455 | Vaults:5 | Got Lehudib's Handbook of Attacks
100463 | Vaults:5 | Noticed an ancient lich
100469 | Vaults:5 | Killed an ancient lich
100890 | Zot:1    | Entered Level 1 of the Realm of Zot
102204 | Depths:1 | Bought the amulet of Heremuh {RegenMP rElec rC++ Will-
                  | SInv} for 1045 gold pieces
102750 | Zot:1    | Reached XP level 25. HP: 210/216 MP: 49/49
104737 | Crypt:1  | Entered Level 1 of the Crypt
105293 | Crypt:1  | Identified the +2 cloak "Fogyfyoll" {Str+5}
105369 | Crypt:1  | Found a runed translucent door.
105370 | Crypt:1  | Noticed Esecs's ghost (veteran GrEE)
105398 | Crypt:1  | Killed Esecs's ghost
106606 | Crypt:1  | Identified the +2 plate armour of Kikubaaqudgha {Will+
                  | rCorr}
108933 | Crypt:2  | Noticed Boris
108996 | Crypt:2  | Killed Boris
110247 | Crypt:3  | Entered Level 3 of the Crypt
110306 | Crypt:3  | Noticed a dread lich
110314 | Crypt:3  | Killed a dread lich
110722 | Crypt:3  | Found a staircase to the Tomb.
110823 | Crypt:3  | Noticed Mara
110827 | Crypt:3  | Noticed pkoi's illusion
110832 | Crypt:3  | Noticed Mennas
111283 | Crypt:3  | Noticed a dread lich
111292 | Crypt:3  | Killed a dread lich
112879 | Crypt:3  | Noticed pkoi's illusion
112886 | Crypt:3  | Killed Mara
113306 | Crypt:2  | HP: 7/221 [Mennas/+2 eudemon blade of holy wrath (21)]
113306 | Crypt:2  | Mangled by Mennas

Illustrated notes

Levels and vault maps discovered:
D:1:      minmay_arrival_stair_chambers, layout_basic
D:2:      layout_rooms, serial_shops, shop, shapermc_ecumenical_altar_rom_forum,
          kennysheep_generic_room_10
D:3:      kennysheep_goblin_castle, layout_loops_cross, serial_shops,
          nicolae_shop_temple_entry_statues_fountains, minmay_shallow_snake_nest
D:4:      layout_basic, minmay_temple_entry_waves,
          chequers_serial_rivers_micro_e, uniq_pikel
D:5:      minmay_razor_zed, layout_loops_corners, serial_undead,
          serial_undead_e, serial_undead_d, serial_undead_a, serial_undead_a,
          kennysheep_flooded_box, uniq_duvessa
D:6:      layout_gridville, kiku_gazebo_pond_becter, portal_sewer_entry_d,
          gammafunk_ghost_smash, minmay_misc_feat_hallway,
          minmay_misc_feat_plants
D:7:      layout_basic, uniq_menkaure
D:8:      layout_rooms, david_lair_generic, nzn_ghost_randoct, uniq_psyche,
          uniq_grum
D:9:      layout_basic, ebering_ghost_inner_flame
D:10:     layout_grid_maze, nicolae_fountain_basement, uniq_erica
D:11:     layout_gridville, minmay_rotating_lava
D:12:     layout_small_grid, orc_0_dummy, nrook_mini_backslash,
          nicolae_danse_macabre, uniq_nessos
D:13:     erik_rubicon_b, layout_cave_pools, erik_vaults_1, serial_shops,
          nicolae_shop_crystal, nicolae_stop_n_shop_1,
          nicolae_shop_overgrown_old_shop, nicolae_square_shop, uniq_rupert,
          uniq_jorgrun
D:14:     minmay_the_grid_triangle_9x9_line_8_mashed
          [minmay_the_grid_triangle_9x9_steps,
          minmay_the_grid_triangle_9x9_limited_checkers,
          minmay_the_grid_triangle_9x9_corruption,
          minmay_the_grid_triangle_9x9_skeleton,
          minmay_the_grid_triangle_9x9_sparse_checkered,
          minmay_the_grid_triangle_9x9_impossible_snake,
          minmay_the_grid_triangle_9x9_cache,
          minmay_the_grid_triangle_9x9_prize_top_heavy], layout_grid_maze,
          cheibriados_altar_1, nicolae_stop_n_shop_2, columned_hall_lemuel
D:15:     gammafunk_depths_entry_grave, layout_irregular_city,
          hangedman_decor_riveting, minmay_guarded_unrand_vampires_tooth
Temple:   mainiacjoe_temple_circle_huts
Lair:1:   layout_long_grid, beast_lair_carwin_7, infiniplex_staircase_pool_2,
          grunt_megastairs_2
Lair:2:   layout_misc_corridors, elwin_shoals_entry_rooms, enter_volcano_3,
          gammafunk_ghost_abyssal_escape, serial_bayou_pond_e, uniq_harold,
          uniq_maggie
Lair:3:   layout_cave_pods, uniq_gastronok, uniq_fannar
Lair:4:   layout_long_grid, nicolae_spider_entry_tight_spaces
Lair:5:   layout_loops_ring, serial_bayou_shore_b, serial_bayou_shore_b,
          grunt_megastairs_1, infiniplex_staircase_pool, serial_bayou_shore_b,
          lemuel_fruit_tree
Lair:6:   minmay_lair_end_enchanted_forest, layout_hall_layers, slime_altar_2,
          uniq_kirke
Shoals:1: layout_shoals
Shoals:2: layout_shoals, serial_shops, nicolae_shop_bloodbath_and_beyond,
          uniq_louise, uniq_polyphemus
Shoals:3: layout_shoals
Shoals:4: shoals_end_hangedman, layout_shoals, serial_shops,
          nicolae_lakefront_shop
Spider:1: layout_chambers, drop_trap, nicolae_spider_webbed_stairs, uniq_nikola,
          uniq_mlioglotl, uniq_agnes
Spider:2: layout_spider_delve, uniq_arachne
Spider:3: layout_chambers
Spider:4: grunt_spider_rune_circles, drop_trap, nicolae_spider_swamp_cousins
Slime:1:  layout_caves, cheibrodos_slime_lost_civilization_5
Slime:2:  cheibrodos_slime_lost_civilization_2, layout_caves
Slime:3:  layout_caves
Slime:4:  layout_caves, nicolae_slime_welcoming_committee
Slime:5
Orc:1:    layout_caves, nicolae_orc_pool_cavern, uniq_snorg
Orc:2:    st_orc_town, layout_diamond_mine, uniq_erolcha
Elf:1:    layout_geoelf_grid, mu_enter_wizlab_7, minmay_elf_sorcery,
          dreamdust_deal_with_the_devil, nicolae_elf_loose_elemental_storage
Elf:2:    elven_hall_of_blades_hangedman_alternative
          [nicolae_blade_entry_splitting_headache], layout_geoelf_grid,
          serial_shops, shop, drop_trap
Elf:3:    elf_hall, layout_gridlike, serial_shops, shop
Vaults:1: vaults_room_hallway, ontoclasm_vaults_decontamination,
          nicolae_vaults_ninety_degrees, v_alt_pattern_4,
          hangedman_vaults_unwind, v_pattern_2, vaults_room_pool,
          vaults_mumra_hexcomb, vaults_dpeg_diagonal, vaults_dpeg_encased_lava,
          vaults_room_corners, layout_vaults_omnigrid
Vaults:2: nicolae_vaults_ring_of_whatevers, nicolae_vaults_angled_halls,
          minmay_crypt_entry_necro_gods, v_misc_27, ontoclasm_vaults_bender,
          nicolae_vaults_hallways_thing, vaults_dpeg_spiral,
          hangedman_vaults_corner, v_alt_pattern_3, hangedman_vaults_capsules,
          nicolae_vaults_three_branches, hangedman_vaults_slice,
          dpeg_vaults_monster_box, nicolae_vaults_little_squares_3,
          grunt_vaults_hallway_short, layout_vaults_omnicross, enter_trove_1,
          uniq_aizul, uniq_frederick, uniq_bai_suzhen
Vaults:3: advil_vaults_ghost_lines, v_misc_2, v_rooms_2, vaults_room_corners,
          vaults_mumra_chevron_long, ontoclasm_vaults_claustrophobia, v_misc_22,
          nicolae_vaults_triangles, vaults_room_fours, vaults_mumra_hex,
          nicolae_vaults_specimen_jars, ontoclasm_vaults_pinch,
          vaults_room_door_ring, layout_vaults_omnibox, serial_shops,
          nicolae_square_shop, uniq_saint_roka, uniq_asterion
Vaults:4: v_alt_pattern_3, vaults_room_grid, vaults_dpeg_doors,
          vaults_room_pool, nicolae_vaults_theta, hangedman_vaults_trim,
          nicolae_vaults_rhombus_6, nicolae_vaults_ring_of_whatevers,
          vaults_standard_mumra_enter_the_diamond, vaults_room_semicircle,
          v_misc_13, nicolae_vaults_theta, layout_vaults_big_room, serial_shops,
          shop, nicolae_shop_hallway_stairs, shop, shop, shop
Vaults:5: serial_shops
Crypt:1:  cheibrodos_crypt_draghalla, layout_chaotic_city, basic_altar,
          ebering_ghost_xom, minmay_misc_feat_cross
Crypt:2:  layout_catacombs, uniq_boris
Crypt:3:  lightli_unholy_cathedral, layout_chaotic_city, weyrava_lich_vault,
          uniq_mara, uniq_mennas
Depths:1: minmay_distorted_concentric_squares, layout_gridlike,
          minmay_misc_feat_x, serial_glass, glass_columns_c, glass_columns_a,
          glass_columns_b, hell_entry, wad_hexagon, minmay_shop_grove,
          serial_bayou_shore_b
Depths:2: minmay_blocking_statues, layout_gridlike, hell_entry, nrook_campfire,
          pan_entry, kennysheep_path_1, roderic_serpentine_path,
          serial_bayou_shore_a, grunt_megastairs_4, serial_bayou_shore_b,
          infiniplex_staircase_zigzag_2
Depths:3: grunt_crosshair, layout_gridville, rand_demon_pan_entry_1, hell_entry,
          abyss_entry_crystal, kennysheep_random_hallway,
          infiniplex_staircase_9_rooms
Depths:4: grunt_zot_entry_funnels, layout_cave_pools, enter_ziggurat_e,
          grunt_mini_vestibule, chequers_serial_rivers_large_b,
          serial_bayou_pond_e
Zot:1:    kennysheep_six_static_rooms, layout_cathedral_of_symmetry,
          grunt_megastairs_3

Skill      XL: |  1  2  3  4  5  6  7  8  9 10 11 12 13 14 15 16 17 18 19 20 21 22 23 24 25 |
---------------+----------------------------------------------------------------------------+-----
Conjurations   | 4 5 6 7 8 9 10 11 13 14 | 14.2
Spellcasting   | 2 3 4 6 7 9 10 11 12 13 14 15 16 | 16.8
Translocations | 1 2 3 5 6 7 8 |  8.0
Air Magic      | 1 3 4 |  4.0
Poison Magic   | 1 3 4 5 6 7 8 |  8.0
Hexes          | 3 5 6 7 8 9 |  9.0
Dodging        | 2 4 5 7 8 9 10 11 12 13 14 15 17 | 17.1
Fighting       | 1 3 5 6 7 9 10 11 12 13 14 15 17 | 17.0
Transmutations | 2 4 |  4.0
Fire Magic     | 1 4 6 7 9 10 11 12 15 17 | 17.1
Ice Magic      | 3 8 11 13 14 15 16 17 | 17.4
Evocations     | 3 4 6 |  6.0
Stealth        | 3 4 6 |  6.0
Bows           | 5 9 11 12 13 | 13.9

Action                   |  1- 3 |  4- 6 |  7- 9 | 10-12 | 13-15 | 16-18 | 19-21 | 22-24 | 25-27 || total
-------------------------+-------+-------+-------+-------+-------+-------+-------+-------+-------++-------
Melee: Short sword       |    11 |       |       |       |       |       |       |       |       ||    11
       Dagger            |     5 |    50 |    43 |    44 |    33 |    10 |       |       |       ||   185
       Punch             |       |     1 |       |       |     3 |       |       |     1 |       ||     5
       Staff             |       |       |       |       |       |     3 |       |       |       ||     3
       Morningstar       |       |       |       |       |       |    16 |     5 |    37 |       ||    58
       Rapier            |       |       |       |       |       |       |       |       |     2 ||     2
 Fire: Longbow           |       |       |       |       |       |       |     2 |     9 |     8 ||    19
 Cast: Magic Dart        |    96 |   138 |    82 |    94 |    19 |    11 |    19 |     7 |    11 ||   477
       Searing Ray       |       |    10 |    37 |     6 |       |       |       |       |       ||    53
       Mephitic Cloud    |       |     1 |     8 |     3 |     6 |       |       |       |       ||    18
       Fulminant Prism   |       |       |    29 |    68 |    30 |    45 |    23 |    98 |   105 ||   398
       Iskenderun's Myst |       |       |     9 |    96 |   112 |   142 |   106 |   189 |   278 ||   932
       Olgreb's Toxic Ra |       |       |       |    27 |   136 |    71 |    64 |    87 |       ||   385
       Ignite Poison     |       |       |       |    24 |   220 |   252 |   209 |   210 |     9 ||   924
       Poisonous Vapours |       |       |       |       |   108 |   251 |   173 |   207 |    13 ||   752
       Ozocubu's Refrige |       |       |       |       |       |    50 |    58 |   314 |    70 ||   492
       Freezing Cloud    |       |       |       |       |       |     6 |       |       |       ||     6
       Starburst         |       |       |       |       |       |     6 |     2 |    28 |    35 ||    71
       Orb of Destructio |       |       |       |       |       |       |       |    65 |    63 ||   128
       Ignition          |       |       |       |       |       |       |       |     7 |    21 ||    28
Evoke: Wand              |       |       |     1 |       |       |     8 |       |       |       ||     9
       Condenser vane    |       |       |       |       |       |       |       |       |     1 ||     1
  Use: Scroll            |       |    15 |     3 |     3 |     3 |    11 |     2 |     2 |       ||    39
       Potion            |       |     5 |       |       |     1 |     2 |     2 |       |     3 ||    13
 Stab: Sleeping          |       |     2 |     1 |       |       |       |       |       |       ||     3
       Confused          |       |       |     2 |       |     1 |       |       |       |       ||     3
Armor: Robe              |     4 |    12 |    28 |    42 |    38 |    79 |     1 |    16 |     9 ||   229
Dodge: Dodged            |    20 |    53 |    61 |    94 |   138 |   224 |   116 |   296 |    99 ||  1101
       Repelled          |       |       |       |       |       |       |     8 |    21 |     9 ||    38
